Map: Vaani Research Station (Void)

Players

Neeb - Winner!

  • Race: Protoss Protoss
  • Spawn Location: 6:00

Semper

  • Race: Terran Terran
  • League: Grandmaster
  • Spawn Location: 12:00

Event: NationWars IV

VOD

Have the link to the VOD?

Description

Time

  • Played on: Jan. 7, 2017, 12:37 p.m.
  • Length: 18:07
Show
View Real Time Build Order
Export as new Build Order

Neeb Protoss - Winner!

Build Orders: 1 Gate Expand, Blink Stalkers 

Get SALT Encoding   

  12  0:01  Probe (Chrono Boost)  
  13  0:11  Probe (Chrono Boost)  
  14  0:17  Pylon  
  14  0:22  Probe (Chrono Boost)  
  15  0:36  Probe (Chrono Boost)  
  15  0:37  Gateway  
  16  0:46  Probe (Chrono Boost)  
  16  0:47  Assimilator  
  18  0:57  Probe (Chrono Boost)  
  18  1:07  Probe (Chrono Boost)  
  19  1:21  Nexus  
  19  1:24  Probe (Chrono Boost)  
  20  1:34  Cybernetics Core  
  20  1:37  Probe (Chrono Boost)  
  21  1:42  Assimilator  
  21  1:48  Probe (Chrono Boost)  
  21  1:52  Pylon  
  22  1:58  Probe (Chrono Boost)  
  23  2:10  Adept  
  23  2:11  Warp Gate  
  23  2:12  Probe (Chrono Boost)  
  27  2:24  Probe (Chrono Boost)  
  27  2:33  Probe (Chrono Boost)  
  27  2:35  Probe (Chrono Boost)  
  27  2:37  Adept  
  32  2:44  Probe (Chrono Boost)  
  32  2:45  Probe (Chrono Boost)  
  32  2:46  Robotics Facility  
  33  2:54  Probe (Chrono Boost)  
  33  2:56  Mothership Core (Chrono Boost)  
  36  3:04  Twilight Council  
  36  3:05  Probe (Chrono Boost)  
  37  3:14  Probe (Chrono Boost)  
  37  3:15  Probe (Chrono Boost)  
  39  3:23  Gateway x2  
  39  3:25  Probe (Chrono Boost)  
  39  3:26  Probe (Chrono Boost)  
  41  3:30  Blink  
  41  3:31  Assimilator  
  41  3:32  Observer  
  42  3:35  Pylon  
  42  3:37  Probe x2 (Chrono Boost)  
  46  3:48  Probe (Chrono Boost)  
  46  3:49  Probe (Chrono Boost)  
  46  3:52  Assimilator  
  46  3:55  Observer  
  46  4:01  Probe (Chrono Boost)  
  46  4:02  Probe (Chrono Boost)  
  49  4:08  Gateway x2  
  49  4:15  Gateway  
  49  4:16  Probe x2 (Chrono Boost)  
  51  4:22  Stalker  
  51  4:24  Pylon  
  53  4:28  Probe (Chrono Boost)  
  52  4:41  Pylon  
  52  4:42  Stalker  
  52  4:43  Stalker  
  54  4:51  Probe (Chrono Boost)  
  55  4:53  Probe (Chrono Boost)  
  55  4:57  Warp Prism  
  55  5:02  Pylon  
  55  5:03  Probe (Chrono Boost)  
  55  5:06  Probe (Chrono Boost)  
  60  5:15  Probe (Chrono Boost), Stalker x2  
  60  5:20  Probe (Chrono Boost)  
  65  5:27  Probe (Chrono Boost), Robotics Bay  
  66  5:33  Probe (Chrono Boost)  
  67  5:37  Sentry  
  67  5:39  Stalker x2  
  73  5:49  Forge  
  73  5:50  Forge  
  73  5:55  Stalker x2  
  77  5:58  Pylon  
  77  6:02  Pylon  
  77  6:21  Protoss Ground Weapons Level 1, Protoss Ground Armor Level 1  
  77  6:23  Nexus  
  77  6:29  Nexus  
  77  6:30  Pylon  
  77  6:35  Colossus  
  83  6:44  Extended Thermal Lance  
  83  6:53  Probe x2 (Chrono Boost)  
  83  6:55  Sentry  
  85  7:04  Pylon  
  85  7:05  Probe x2 (Chrono Boost)  
  87  7:14  Adept  
  89  7:16  Stalker x3  
  89  7:17  Probe (Chrono Boost), Zealot  
  98  7:25  Probe (Chrono Boost)  
  98  7:28  Colossus  
  99  7:30  Probe (Chrono Boost)  
  106  7:38  Probe (Chrono Boost)  
  106  7:42  Probe (Chrono Boost)  
  106  7:44  Probe (Chrono Boost)  
  108  7:50  Probe (Chrono Boost)  
  108  7:51  Pylon  
  109  7:54  Probe (Chrono Boost)  
  109  7:56  Probe (Chrono Boost)  
  111  7:59  Charge  
  111  8:02  Pylon  
  111  8:03  Probe (Chrono Boost)  
  113  8:07  Probe (Chrono Boost)  
  113  8:11  Protoss Ground Armor Level 2  
  114  8:12  Zealot  
  114  8:13  Probe (Chrono Boost), Zealot x2  
  114  8:14  Zealot x3  
  114  8:15  Protoss Ground Weapons Level 2  
  126  8:22  Pylon  
  126  8:25  Probe x3 (Chrono Boost), Pylon, Assimilator  
  129  8:28  Pylon, Assimilator  
  129  8:37  Probe x2 (Chrono Boost)  
  129  8:41  Colossus  
  131  8:42  Pylon  
  131  8:43  Probe (Chrono Boost)  
  131  8:44  Pylon  
  132  8:54  Zealot x3  
  144  9:04  Nexus  
  142  9:12  Zealot x3  
  127  9:26  Stalker x4  
  128  9:32  Probe (Chrono Boost)  
  128  9:33  Probe x2 (Chrono Boost)  
  128  9:34  Nexus  
  128  9:36  Observer  
  128  9:37  Photon Cannon  
  125  9:42  Sentry x2  
  129  9:52  Probe x3 (Chrono Boost)  
  115  10:00  Observer  
  115  10:04  Probe x3 (Chrono Boost)  
  113  10:15  Protoss Ground Armor Level 3  
  113  10:16  Probe x3 (Chrono Boost), Disruptor  
  119  10:22  Sentry x2  
  119  10:23  Protoss Ground Weapons Level 3  
  119  10:25  Stalker x3  
  132  10:28  Probe (Chrono Boost)  
  132  10:29  Nexus  
  132  10:30  Pylon  
  132  10:40  Zealot  
  132  10:47  Disruptor  
  132  10:50  Zealot x3  
  133  11:12  Stalker x2  
  133  11:13  Stalker x4  
  145  11:18  Disruptor  
  139  11:36  Stalker x6  
  139  11:39  Probe (Chrono Boost)  
  132  11:50  Probe (Chrono Boost)  
  132  11:51  Disruptor  
  132  11:53  Probe (Chrono Boost)  
  134  11:54  Probe x2 (Chrono Boost)  
  138  12:02  Probe (Chrono Boost)  
  138  12:06  Stalker x4  
  146  12:15  Stalker x2  
  141  12:25  Disruptor  
  133  12:31  Stalker x4  
  144  12:40  Assimilator  
  144  12:41  Assimilator  
  144  12:51  Zealot x2  
  146  12:54  Templar Archives  
  146  12:56  Disruptor, Protoss Shields Level 1  
  146  12:57  Gateway  
  146  12:58  Gateway  
  146  13:04  Zealot x4  
  157  13:13  Stargate  
  140  13:27  Disruptor  
  140  13:33  Probe x2 (Chrono Boost)  
  141  13:38  Stalker x2  
  141  13:39  Stalker x2  
  141  13:42  Stalker x3  
  141  13:43  Stalker x2  
  137  13:56  Stalker  
  137  13:59  Void Ray  
  131  14:21  High Templar x6  
  131  14:22  Stalker x2  
  147  14:25  Archon x2  
  147  14:26  Archon  
  144  14:46  Stalker x2  
  148  14:56  Pylon  
  148  14:57  Pylon  
  148  14:58  Pylon  
  148  14:59  Pylon  
  146  15:23  Stalker x4  
  146  15:24  Stalker x4  
  149  15:49  Nexus  
  129  15:51  High Templar  
  129  15:52  Adept x3, High Templar  
  138  16:04  Archon  
  138  16:06  Adept, Stalker x2  
  110  16:41  Stalker x4  
  110  16:42  Stalker x2  
  120  16:52  Stalker  
  122  17:16  Assimilator x2  
  122  17:19  Stalker x3  
  115  17:39  Stalker x5  
  119  17:54  Stalker x3  
Show
View Real Time Build Order
Export as new Build Order

Semper Terran 

Build Orders: MMM Bio 

Get SALT Encoding   

  12  0:00  SCV  
  13  0:12  SCV  
  14  0:18  Supply Depot  
  14  0:25  SCV  
  15  0:40  Barracks, SCV  
  16  0:45  Refinery  
  16  0:52  SCV  
  17  1:04  SCV  
  18  1:16  SCV  
  19  1:27  Marine  
  19  1:28  Orbital Command  
  20  1:43  Command Center  
  21  1:54  SCV  
  21  1:56  Factory  
  21  2:05  Barracks Reactor  
  21  2:06  SCV  
  22  2:10  Supply Depot  
  22  2:16  Refinery  
  22  2:18  SCV  
  23  2:31  SCV  
  24  2:39  Widow Mine  
  24  2:41  Marine x2  
  24  2:43  SCV  
  29  2:45  Starport  
  29  2:54  Orbital Command  
  29  2:56  SCV  
  30  2:59  Marine x2  
  32  3:08  SCV, Widow Mine  
  35  3:18  Marine x2  
  37  3:20  SCV  
  37  3:21  Supply Depot, SCV  
  37  3:26  Medivac  
  41  3:33  SCV x2  
  43  3:36  Widow Mine  
  43  3:39  Marine  
  46  3:43  Marine  
  46  3:45  Supply Depot, SCV  
  46  3:46  SCV  
  49  3:57  Supply Depot, SCV  
  49  3:58  SCV  
  49  4:00  Marine x2  
  53  4:06  Medivac  
  53  4:09  SCV  
  56  4:10  SCV  
  57  4:17  Factory Tech Lab  
  57  4:18  Marine x2  
  57  4:21  SCV  
  57  4:22  SCV  
  57  4:23  Supply Depot  
  61  4:24  Engineering Bay  
  61  4:29  Barracks  
  61  4:32  Liberator  
  61  4:33  SCV  
  62  4:39  Siege Tank  
  62  4:43  SCV  
  64  4:48  Marine x2, SCV  
  69  4:55  SCV  
  70  5:01  SCV  
  70  5:05  Supply Depot  
  70  5:06  Marine  
  70  5:07  Marine, SCV  
  72  5:13  SCV  
  75  5:15  Siege Tank  
  75  5:16  Command Center, Barracks Tech Lab  
  75  5:20  Refinery  
  78  5:25  Missile Turret  
  78  5:28  Terran Infantry Weapons Level 1  
  78  5:29  SCV  
  78  5:33  SCV  
  80  5:36  Stimpack  
  80  5:37  Marine x2, Supply Depot  
  80  5:40  Marine, Starport Reactor  
  83  5:46  Barracks  
  83  5:47  SCV  
  84  5:51  SCV  
  84  5:53  Refinery  
  84  5:54  Supply Depot  
  85  5:57  Marine  
  85  5:58  Marine  
  85  5:59  SCV  
  85  6:01  Supply Depot  
  85  6:03  SCV  
  89  6:08  Marine  
  87  6:11  SCV  
  87  6:16  SCV  
  85  6:22  Medivac x2  
  85  6:24  SCV  
  90  6:27  Barracks x2, Orbital Command  
  90  6:31  Factory Reactor  
  90  6:35  Missile Turret  
  90  6:36  Missile Turret  
  90  6:38  SCV x2  
  92  6:40  Marine  
  92  6:42  Supply Depot  
  93  6:48  Liberator  
  93  6:52  Combat Shields, Viking  
  93  6:54  Orbital Command, Marine  
  97  6:56  SCV  
  97  6:59  SCV  
  98  7:08  SCV  
  100  7:11  Marauder, Marine  
  100  7:12  Marauder, Marine, Widow Mine  
  100  7:14  Widow Mine  
  110  7:17  Liberator  
  110  7:24  SCV x2  
  110  7:27  Refinery x2  
  114  7:35  SCV  
  118  7:37  Supply Depot  
  118  7:40  Barracks Tech Lab, Barracks Reactor  
  118  7:42  Marauder, Liberator  
  118  7:43  Marauder, Concussive Shells  
  120  7:48  Starport  
  120  7:52  Marine  
  121  8:02  SCV x2  
  121  8:03  Terran Infantry Armor Level 1  
  125  8:07  Marine  
  125  8:12  Armory  
  125  8:13  Engineering Bay, Liberator  
  125  8:15  SCV  
  125  8:17  Supply Depot  
  126  8:20  Marauder, Fusion Core, Marine x3  
  126  8:21  Marauder  
  126  8:22  Marine  
  134  8:28  Starport Tech Lab  
  134  8:31  SCV x2  
  134  8:33  Liberator  
  140  8:34  SCV  
  140  8:35  Missile Turret  
  140  8:40  Marine  
  143  8:41  Marauder  
  143  8:47  Marine  
  143  8:48  Marauder  
  149  9:04  Liberator  
  149  9:05  Liberator  
  149  9:08  Marine x2  
  149  9:09  Marine  
  149  9:10  Marine  
  149  9:12  Marauder  
  149  9:14  Marauder  
  147  9:17  Marine  
  147  9:23  Advanced Ballistics  
  149  9:27  Command Center, Marine, Supply Depot  
  149  9:28  Supply Depot  
  149  9:29  Widow Mine  
  149  9:30  Widow Mine  
  148  9:34  Supply Depot  
  148  9:35  Supply Depot x2  
  148  9:36  Terran Ship Weapons Level 1, Terran Infantry Weapons Level 2  
  148  9:37  Marine x6  
  151  9:46  Marine  
  151  9:48  Liberator x2  
  149  9:53  Liberator  
  149  9:54  Marine  
  149  9:59  Marine x2  
  144  10:00  Marauder, Marine x2  
  144  10:04  Marine  
  153  10:12  Marine  
  153  10:15  Barracks  
  153  10:17  Marine  
  153  10:18  Barracks  
  153  10:20  Marine x2  
  156  10:27  Marine x3  
  159  10:29  Widow Mine x2  
  159  10:30  Marine  
  159  10:31  Liberator x2  
  159  10:34  Marine  
  165  10:37  Supply Depot  
  165  10:38  Marine  
  165  10:39  Marauder  
  165  10:41  Barracks  
  168  10:44  Ghost Academy, SCV x2  
  168  10:47  Marine x2  
  178  10:54  Liberator  
  169  11:08  Marauder, Marine  
  172  11:13  Liberator  
  172  11:14  Marine x3  
  172  11:15  Marauder  
  172  11:18  Barracks Tech Lab x2  
  180  11:19  Planetary Fortress  
  180  11:21  Missile Turret, SCV x2  
  175  11:33  Liberator  
  175  11:34  Marine  
  175  11:37  Liberator  
  173  11:44  Marauder, Marine  
  173  11:46  Marine  
  173  11:47  Marauder, Marine x2  
  146  11:49  Marine  
  146  11:50  Marauder  
  146  11:52  Marine  
  156  11:57  Liberator  
  159  12:02  Marine  
  159  12:03  Starport  
  159  12:04  Marine x2  
  159  12:05  Marauder  
  159  12:06  Marauder  
  159  12:07  Ghost  
  159  12:08  Ghost, Barracks Tech Lab  
  170  12:16  Liberator  
  170  12:20  Liberator  
  158  12:23  Marine  
  158  12:24  Marauder  
  158  12:35  Marine  
  158  12:36  Marauder x2, Marine x2  
  168  12:40  Liberator x2  
  171  12:50  Marine x3  
  176  12:51  Marauder  
  176  12:56  Marauder, Marine x2  
  182  12:58  Liberator  
  182  12:59  Marauder, Marine x2  
  186  13:08  Marine x3  
  186  13:10  Command Center, Refinery x2  
  191  13:12  Marauder  
  191  13:13  Marine  
  191  13:15  Marine  
  191  13:18  Terran Infantry Weapons Level 3  
  185  13:29  Marine x4  
  185  13:30  Marauder  
  179  13:36  Terran Infantry Armor Level 2  
  179  13:39  Marine  
  179  13:41  Terran Ship Weapons Level 2  
  175  13:43  Marauder x2, Marine  
  180  13:53  Marine  
  176  13:59  Marine x5  
  176  14:00  Marauder  
  176  14:02  Viking x2  
  185  14:03  Viking x2  
  185  14:08  Marine  
  181  14:12  Marine  
  181  14:15  Marine  
  181  14:16  Marauder, Marine  
  179  14:32  Medivac, Viking  
  180  14:41  Marauder, Marine, Medivac x2  
  180  14:43  Marine  
  180  14:44  Marauder  
  185  14:48  Marauder, Marine x4  
  191  14:55  SCV x2  
  191  14:57  Command Center  
  190  15:08  Liberator  
  190  15:21  Liberator  
  184  15:23  Marine  
  184  15:24  Marauder  
  184  15:27  Liberator  
  190  15:30  Liberator  
  178  15:43  Marine  
  178  15:44  Marauder  
  156  15:50  Marauder, Marine  
  156  15:51  Liberator  
  156  15:52  Marauder x2, Marine x2  
  156  15:53  Marauder x2  
  156  15:54  Planetary Fortress  
  166  16:00  Widow Mine  
  166  16:02  Marine  
  166  16:04  Liberator  
  159  16:05  Marauder  
  161  16:13  Liberator  
  161  16:16  Marine  
  124  16:20  Marine x3  
  124  16:21  Marauder  
  111  16:27  Viking  
  111  16:29  Marine x4  
  111  16:30  Marine  
  104  16:34  Marine  
  104  16:37  Marine  
  104  16:38  Marine x2  
  97  16:41  Marine  
  97  16:46  Marine  
  97  16:47  Marine x2  
  98  16:48  Marine, Liberator  
  98  16:49  Marine  
  97  16:57  Marine x2  
  97  17:07  SCV  
  99  17:09  Marine  
  99  17:15  SCV  
  101  17:17  Marine x2  
  88  17:33  Marine x4  
  88  17:34  Marine x2  
  88  17:36  Marine  
  83  17:38  Marine  
Tags
 
Add a new tag
Caveats
  • Supply blocks, unpowered buildings, or Contaminate may cause inaccurate times.
  • Supply counts are checked every 10 seconds.